[Event "Early-Titled-Tuesday-Blitz-November-28-2023"]
[Site "Chess.com"]
[Date "2023.11.28"]
[Round "1"]
[White "Suspenser17"]
[Black "GaiozNigalidze"]
[Result "0-1"]
[WhiteElo "2356"]
[BlackElo "2662"]
[TimeControl "180+1"]
[EndTime "8:07:40 PST"]
[Termination "GaiozNigalidze won by resignation"]

1. e4 c5 2. c3 d5 3. exd5 Qxd5 4. Nf3 Nf6 5. Na3 e6 6. d4 cxd4 7. Nb5 Na6 8. Nbxd4 Be7 9. Be2 O-O 10. O-O Rd8 11. Qc2 Bd7 12. Rd1 Qa5 13. Bf4 Rac8 14. h3 Be8 15. Ne5 b5 16. Bf3 Qb6 17. Qe2 Nc5 18. Rd2 a6 19. Rad1 Nd5 20. Bg3 Bg5 21. Rc2 Nf4 22. Qf1 f6 23. h4 fxe5 24. hxg5 exd4 25. Bxf4 d3 26. Rcd2 Bg6 27. Be3 Qd6 28. g3 e5 29.
Qg2 e4 30. Bxc5 exf3 31. Bxd6 fxg2 32. Be5 Be4 33. Bd4 Bf3 34. Re1 Be2 35. Kxg2 Rf8 36. f4 Rfe8 37. Kf2 Kf7 38. b4 Re4 39. a4 bxa4 40. Ra1 Rc6 41. Rxa4 h6 42. gxh6 Rxh6 43.
b5 axb5 44. Ra7+ Ke6 45. Ra6+ Kd5 46. Rxh6 gxh6 47. g4 Rxf4+ 48. Kg3 Rxg4+ 49. Kh3 Rxd4 50. cxd4 Kxd4 51. Kg3 Kc3 52. Ra2 d2 53. Ra3+ Kb2 0-1

[Event "Early-Titled-Tuesday-Blitz-November-28-2023"]
[Site "Chess.com"]
[Date "2023.11.28"]
[Round "1"]
[White "Shuvalov"]
[Black "EdmundPlayer"]
[Result "1-0"]
[WhiteElo "2575"]
[BlackElo "2215"]
[TimeControl "180+1"]
[EndTime "8:07:40 PST"]
[Termination "Shuvalov won on time"]

1. d4 Nf6 2. c4 e6 3. Nc3 Bb4 4.
f3 d5 5. a3 Be7 6. e4 O-O 7. e5 Ne8 8. f4 dxc4 9. Bxc4 b6 10. Nf3 Bb7 11. O-O c6 12. Qe2 Nc7 13. Ne4 Nd5 14. Bd3 a5 15. Neg5 h6 16. Nh3 Ba6 17.
Bxa6 Nxa6 18. g4 c5 19. g5 h5 20. g6 fxg6 21. Nfg5 Qd7 22. Qc2 Rf5 23. dxc5 Bxc5+ 24. Kh1 Rc8 25. Qe2 Nac7 26. Bd2 Ne7 27. Rad1 Qc6+ 28.
Ne4 Ncd5 29. Qg2 Rcf8 30. Bc1 Ne3 31. Bxe3 Bxe3 32. Rd6 Qc4 33. Rd7 Nd5 34. Nd6 Nxf4 35. Nxc4 Nxg2 36. Rxf5 Rxf5 37. Kxg2 Bc1 38. Rd1 b5 39. Rxc1 bxc4 40. Rxc4 Rxe5 41. Nf4 g5 42. Rc8+ Kf7 43. Rf8+ 1-0

[Event "Early-Titled-Tuesday-Blitz-November-28-2023"]
[Site "Chess.com"]
[Date "2023.11.28"]
[Round "1"]
[White "WoolworthsManly"]
[Black "emeli_chess"]
[Result "1-0"]
[WhiteElo "2689"]
[BlackElo "2386"]
[TimeControl "180+1"]
[EndTime "8:07:41 PST"]
[Termination "WoolworthsManly won on time"]

1. e4 e5 2. Nf3 Nc6 3. Bb5 a6 4. Ba4 Nf6 5. O-O Nxe4 6. Qe2 Nc5 7. Nxe5 Nxe5 8. Qxe5+ Qe7 9. Qxe7+ Bxe7 10. Bb3 Nxb3 11. axb3 O-O 12. Nc3 c6 13. d3 d5 14. Re1 Bd6 15.
h3 Bf5 16. Kf1 Rae8 17. Rxe8 Rxe8 18. Ra4 h6 19. Bd2 g5 20. Ne2 Kg7 21. Bc3+ Kg6 22. Ra1 Bd7 23. b4 f5 24. Nd4 f4 25.
f3 Re7 26. Nb3 Re8 27. Nc5 Bc8 28. d4 Re7 29. Rc1 Bf5 30. Kf2 Kg7 31. Bd2 Kg6 32. c3 Kg7 33. b3 Kg6 34. c4 dxc4 35. bxc4 h5 36. Rc3 g4 37. hxg4 hxg4 38. Nd3 Bxd3 39. Rxd3 Kf5 40. fxg4+ Kxg4 41. d5 cxd5 42. Rxd5 Re6 43. c5 Be5 44. Rd7 b6 45. Rd5 bxc5 46.
bxc5 Bc7 47. Bc3 Re4 48. Bf6 1-0

[Event "Early-Titled-Tuesday-Blitz-November-28-2023"]
[Site "Chess.com"]
[Date "2023.11.28"]
[Round "1"]
[White "Truequitos"]
[Black "Tobias_Koelle"]
[Result "0-1"]
[WhiteElo "2490"]
[BlackElo "2866"]
[TimeControl "180+1"]
[EndTime "8:07:42 PST"]
[Termination "Tobias_Koelle won by checkmate"]

1. Nf3 d6 2. g3 Nf6 3. Bg2 g6 4.
d4 Bg7 5. a4 O-O 6. a5 a6 7.
O-O Nc6 8. c3 Bf5 9. Bg5 Ne4 10.
Bf4 Qd7 11. Re1 Rad8 12. Nbd2 e5 13. Be3 exd4 14. Nxd4 Nxd4 15. Nxe4 Nc6 16. Qa4 Rfe8 17. Bg5 Bxe4 18. Bxe4 Rb8 19. Rad1 Ne5 20. Qxd7 Nxd7 21. Bd5 Nf6 22. Ba2 Ne4 23. Be3 Re7 24. Bd4 Rd8 25.
f3 Nf6 26. Kf2 Nd7 27. Bxg7 Kxg7 28. b4 Rde8 29. Bd5 c6 30. Bb3 d5 31. Rd4 Ne5 32.
e4 Nd7 33. Red1 Nf6 34. exd5 Re2+ 35. Kg1 Rb2 36. Bc4 cxd5 37. Bf1 Rc2 38. c4 dxc4 39. Rxc4 Rb2 40. Rdc1 Re3 41. R1c2 Rb1 42. Kf2 Reb3 43. Rc7 Rxb4 44. Bc4 Ne8 45. Rxf7+ Kh6 46. Re7 Nf6 47. g4 Kg5 48. Kg3 Rg1+ 49. Kf2 Rh1 50. Kg3 Rg1+ 51.
Kf2 Rbb1 52. Re5+ Kf4 53. Rce2 Rbf1# 0-1

[Event "Early-Titled-Tuesday-Blitz-November-28-2023"]
[Site "Chess.com"]
[Date "2023.11.28"]
[Round "1"]
[White "liczner"]
[Black "KononenkoD"]
[Result "1/2-1/2"]
[WhiteElo "2896"]
[BlackElo "2507"]
[TimeControl "180+1"]
[EndTime "8:07:45 PST"]
[Termination "Game drawn by repetition"]

1. e4 c6 2. d4 d5 3. Nc3 dxe4 4. Nxe4 Bf5 5. Ng3 Bg6 6. h4 h6 7. Nf3 Nd7 8. h5 Bh7 9. Bd3 Bxd3 10. Qxd3 e6 11.
Bd2 Ngf6 12. O-O-O Be7 13. Kb1 Rc8 14. Ne4 c5 15.
dxc5 Nxc5 16. Nxc5 Bxc5 17. Ne5 Qxd3 18. Nxd3 Bb6 19. f3 O-O 20. g4 Nd5 21. Rhe1 Bd8 22.
Bc1 Bh4 23. Rh1 Bf6 24. f4 Bd4 25. f5 Bf6 26. fxe6 fxe6 27. Rhe1 Rc6 28. Re4 Rfc8 29.
Re2 a5 30. Rg1 a4 31. a3 Rb6 32. Ka1 Rbc6 33. Rgg2 b5 34. Ka2 Rc4 35. Ka1 b4 36.
axb4 Nxb4 37. Nxb4 Rxb4 38. c3 Rb6 39. Ka2 a3 40. bxa3 Rxc3 41. Rc2 Rf3 42. g5 hxg5 43. Bxg5 Bxg5 44. Rxg5 Ra6 45. Rc7 Rfxa3+ 46. Kb2 Ra2+ 47. Kb1 Ra1+ 48. Kb2 R1a2+ 49. Kb3 R2a3+ 50. Kb2 Ra2+ 1/2-1/2

[Event "Early-Titled-Tuesday-Blitz-November-28-2023"]
[Site "Chess.com"]
[Date "2023.11.28"]
[Round "1"]
[White "Schattman"]
[Black "Gabix_94"]
[Result "0-1"]
[WhiteElo "2422"]
[BlackElo "2750"]
[TimeControl "180+1"]
[EndTime "8:07:45 PST"]
[Termination "Gabix_94 won on time"]

1. Nf3 d5 2. g3 Nc6 3. d4 Bf5 4. Bg2 Nb4 5. Na3 e6 6. c3 Nc6 7.
Bf4 Bxa3 8. bxa3 Nge7 9. O-O Be4 10. Re1 O-O 11. Bf1 h6 12. Nd2 Bg6 13. e4 dxe4 14. Nxe4 Nd5 15. Bd2 Re8 16. Nc5 b6 17. Qa4 Nce7 18.
Nd3 Bf5 19. Ne5 a6 20. c4 b5 21. Qb3 bxc4 22. Qxc4 Nb6 23. Qc5 Ned5 24. Rac1 Qf6 25. Bg2 Red8 26. h3 Rac8 27. Nc6 Re8 28. Ne5 Bh7 29.
Nc6 Na4 30. Qa5 Nb2 31. Bf1 Nd3 32. Bxd3 Bxd3 33. Ne5 Bf5 34. Kh2 Rb8 35. Bb4 Rb6 36. Qa4 Qd8 37. Qd1 Nxb4 38. axb4 Qd5 39. a3 f6 40. Nf3 Re7 41. Rc5 Qd8 42. Qc1 Rd6 43.
Re3 Bg6 44. Rec3 Rdd7 45. g4 Be4 46. Nd2 Bd5 47. Kg1 c6 48. a4 e5 49. dxe5 Rxe5 50.
b5 axb5 51. axb5 Qe7 0-1

[Event "Early-Titled-Tuesday-Blitz-November-28-2023"]
[Site "Chess.com"]
[Date "2023.11.28"]
[Round "1"]
[White "Caisachess"]
[Black "SchmakAttack"]
[Result "0-1"]
[WhiteElo "2423"]
[BlackElo "2758"]
[TimeControl "180+1"]
[EndTime "8:07:46 PST"]
[Termination "SchmakAttack won by checkmate"]

1. e4 g6 2. d4 Bg7 3. Nf3 d6 4. Nc3 a6 5. a4 Nc6 6. Be2 e5 7. dxe5 Nxe5 8. Nxe5 Bxe5 9. O-O Bg7 10. f4 Ne7 11. Bc4 O-O 12. Be3 Be6 13. Qe2 Qd7 14. h3 Rae8 15. Rad1 Bxc4 16. Qxc4 Qc6 17. Qxc6 Nxc6 18.
e5 f5 19. Nd5 dxe5 20. Nxc7 Re7 21. Nd5 Ref7 22. Bc5 Re8 23. fxe5 Bxe5 24. c3 Bg3 25. Rf3 f4 26. Rff1 g5 27. Bf2 Re2 28. Bxg3 fxg3 29. Rxf7 Kxf7 30. b4 h5 31. Kf1 Ra2 32. Kg1 Rxa4 33.
Rf1+ Ke6 34. Nb6 Ra3 35. Re1+ Kf5 36. Nd5 h4 37. Ne3+ Kg6 38. Nd5 Ra2 39. Ne3 Ne5 40.
Nd5 Nd3 41. Ne7+ Kf7 42. Rd1 Kxe7 43. Kf1 Nf4 44. Re1+ Kf6 45. Rd1 Rf2+ 46. Ke1 Nxg2# 0-1

[Event "Early-Titled-Tuesday-Blitz-November-28-2023"]
[Site "Chess.com"]
[Date "2023.11.28"]
[Round "1"]
[White "GeorgiosSouleidis"]
[Black "carloseduar100"]
[Result "1-0"]
[WhiteElo "2621"]
[BlackElo "2309"]
[TimeControl "180+1"]
[EndTime "8:07:46 PST"]
[Termination "GeorgiosSouleidis won on time"]

1. e4 e6 2. d4 d5 3. Nc3 Nf6 4. Bg5 Be7 5. e5 Nfd7 6. Bxe7 Qxe7 7. f4 a6 8. Qg4 Kf8 9. Nf3 c5 10. dxc5 Nc6 11. O-O-O Qxc5 12. Bd3 b5 13. Kb1 Nb6 14. f5 exf5 15. Bxf5 Bxf5 16. Qxf5 Re8 17. Rhe1 Kg8 18. e6 fxe6 19. Rxe6 Rf8 20. Qg5 h6 21. Qg6 Ne7 22. Rxe7 Qxe7 23. Qxb6 b4 24. Nxd5 Qe2 25. Qg1 a5 26.
Re1 Qc4 27. Nb6 Qc6 28. b3 Kh7 29. Nc4 a4 30. Qe3 axb3 31. axb3 Ra8 32. Qe4+ Qxe4 33. Rxe4 Ra7 34. Nb2 Rha8 35. Na4 Rb8 36. Kc1 Rd7 37. Ne1 Rf7 38. Nd3 Rf1+ 39. Kd2 Rh1 40. h3 Rg1 41. Re2 Kg6 42. Nac5 Kh5 43. Na6 Rf8 44. Naxb4 g5 45. Nd5 Kh4 46. b4 Kg3 47. Ne1 h5 48. b5 Rf2 49. b6 1-0

[Event "Early-Titled-Tuesday-Blitz-November-28-2023"]
[Site "Chess.com"]
[Date "2023.11.28"]
[Round "1"]
[White "NovozhilovSemen"]
[Black "spotbet"]
[Result "0-1"]
[WhiteElo "2726"]
[BlackElo "2436"]
[TimeControl "180+1"]
[EndTime "8:07:47 PST"]
[Termination "spotbet won by resignation"]

1. d4 Nf6 2. Nf3 e6 3. e3 d5 4.
Bd3 Bd6 5. O-O O-O 6. b3 b6 7.
Bb2 Bb7 8. c4 c5 9. cxd5 exd5 10.
Nc3 cxd4 11. Nxd4 Nc6 12. Nce2 Ne5 13. Bc2 Rc8 14. Nf5 Bb8 15. Rc1 Re8 16. h3 Qd7 17. Re1 Ba6 18. Nfd4 Ne4 19. Nf4 Bb7 20. Qh5 g6 21.
Qh6 Bd6 22. f3 Bf8 23. Qh4 g5 24. Qh5 gxf4 25. fxe4 Ng6 26. Nf5 dxe4 27. Qg4 Qd2 28. Red1 Qa5 29. h4 Qxa2 30. Bf6 Rxc2 31. Ra1 Qxb3 32.
Nd4 Qxe3+ 33. Kh1 Rd2 34. Rxd2 Qxd2 35. h5 Qc3 36. Rd1 f3 37. hxg6 fxg6 38. gxf3 exf3 39.
Qd7 Be4 40. Kh2 Qb2+ 41. Kg3 Qg2+ 42. Kf4 Qh2+ 43. Ke3 Bc6+ 44. Qe6+ Rxe6+ 45. Nxe6 Qe2+ 46. Kf4 Qxe6 0-1

[Event "Early-Titled-Tuesday-Blitz-November-28-2023"]
[Site "Chess.com"]
[Date "2023.11.28"]
[Round "1"]
[White "KorolDimitriy75"]
[Black "viktorskliarov"]
[Result "0-1"]
[WhiteElo "2331"]
[BlackElo "2635"]
[TimeControl "180+1"]
[EndTime "8:07:47 PST"]
[Termination "viktorskliarov won by resignation"]

1. d4 Nf6 2. c4 e6 3. Nc3 Bb4 4. Qc2 c5 5. dxc5 Na6 6. Nf3 Nxc5 7. Bd2 O-O 8. e3 b6 9. Be2 Bb7 10. O-O Rc8 11. Rfd1 Nfe4 12. Be1 Qf6 13. Rac1 Nxc3 14. Bxc3 Bxc3 15. Qxc3 Qxc3 16. Rxc3 d5 17. cxd5 Bxd5 18. Rdc1 a5 19. b3 Rcd8 20. h3 Bxf3 21. Bxf3 Rd2 22.
R3c2 Rfd8 23. Kf1 Kf8 24. Ke1 Rxc2 25. Rxc2 Ke7 26. Ke2 e5 27. Bc6 f5 28. Bb5 e4 29.
Bc4 Kf6 30. Rd2 Rxd2+ 31. Kxd2 Ke5 32. Kc3 g5 33. a3 h5 34. b4 Nb7 35. Ba6 Nd6 36. Bc4 h4 37. Be2 f4 38. Kb3 fxe3 39.
fxe3 Nf5 40. bxa5 bxa5 41. Ka4 Nxe3 42. Kxa5 Nxg2 43. a4 Nf4 44. Bf1 g4 45. hxg4 h3 46. Bxh3 Nxh3 47. Kb6 e3 48. a5 e2 49. a6 e1=Q 50.
a7 Qb4+ 51. Kc7 Qa5+ 52. Kb7 Qb5+ 53. Kc8 Qc6+ 54. Kb8 Qb6+ 55. Ka8 Qc7 0-1

[Event "Early-Titled-Tuesday-Blitz-November-28-2023"]
[Site "Chess.com"]
[Date "2023.11.28"]
[Round "1"]
[White "tylityli"]
[Black "Vesper2018"]
[Result "0-1"]
[WhiteElo "2265"]
[BlackElo "2601"]
[TimeControl "180+1"]
[EndTime "8:07:47 PST"]
[Termination "Vesper2018 won on time"]

1. d4 Nf6 2. c4 g6 3. Nc3 Bg7 4. e4 d6 5. Nge2 O-O 6. Ng3 e5 7. d5 h5 8. Bg5 Qe8 9. Qd2 Nh7 10. Bh6 h4 11. Nge2 f5 12. Bxg7 Kxg7 13. O-O-O a6 14. g3 b5 15. gxh4 b4 16. Nb1 fxe4 17. Ng3 Rf4 18.
Qxb4 Nf6 19. h5 gxh5 20. Rg1 Kh8 21. Nd2 Bf5 22. Nxf5 Rxf5 23. Bg2 Rf4 24. Qb7 Nbd7 25. Qxc7 Rc8 26. Qxd6 Nc5 27. Kb1 Qg6 28. Bxe4 Ncxe4 29. Rxg6 Nxd6 30. f3 Nxc4 31. Ne4 Nxe4 32. fxe4 Rxe4 33. b3 Na3+ 34. Kb2 Nb5 35. d6 Re2+ 36. Kb1 Nc3+ 37. Kc1 Nxd1+ 38. Kxd1 Rxa2 39. Rh6+ Kg7 40. Rxh5 Kf6 41.
Rh6+ Kf5 42. h4 Rg8 0-1

[Event "Early-Titled-Tuesday-Blitz-November-28-2023"]
[Site "Chess.com"]
[Date "2023.11.28"]
[Round "1"]
[White "masterofpuppets2"]
[Black "shimastream"]
[Result "0-1"]
[WhiteElo "2503"]
[BlackElo "2944"]
[TimeControl "180+1"]
[EndTime "8:07:49 PST"]
[Termination "shimastream won on time"]

1. d4 d5 2. c4 e6 3. Nf3 Nf6 4.
g3 Nbd7 5. Bg2 dxc4 6. Qc2 a6 7. a4 Rb8 8. Qxc4 b5 9. axb5 axb5 10. Qc2 Bb7 11. O-O Bd6 12. Nc3 b4 13. Na4 O-O 14.
Bg5 h6 15. Bxf6 Nxf6 16. Rfc1 Be4 17. Qd1 Qe7 18. Nd2 Bxg2 19. Kxg2 e5 20. dxe5 Qxe5 21. Nf3 Qe4 22. Nc5 Qf5 23. Qc2 Qh5 24. Qc4 Rfe8 25. e3 Ng4 26. h3 Nf6 27. Nd4 Ne4 28. Nxe4 Rxe4 29. Qc6 Rbe8 30. Ra8 Qe5 31. Nf3 Qe7 32. Nd4 g6 33. Rxe8+ Qxe8 34. Kf3 Re7 35. Qxe8+ Rxe8 36. Nc6 Kg7 37. Rc4 b3 38. Rc3 h5 39. Rxb3 Re6 40. Nd4 Rf6+ 41. Kg2 c5 42. Nb5 Be5 43. Nc3 Rd6 44. Ra3 Rd2 45. Ne4 Rc2 46. Rb3 c4 47. Rb4 Bxb2 0-1

[Event "Early-Titled-Tuesday-Blitz-November-28-2023"]
[Site "Chess.com"]
[Date "2023.11.28"]
[Round "1"]
[White "InitiatingASC"]
[Black "Ajedrez_con_German"]
[Result "1-0"]
[WhiteElo "2324"]
[BlackElo "2604"]
[TimeControl "180+1"]
[EndTime "8:07:49 PST"]
[Termination "InitiatingASC won on time"]

1. d4 e6 2. c4 f5 3. g3 Nf6 4. Bg2 Be7 5. Nh3 O-O 6. Nf4 d6 7. h4 e5 8. Nd5 Nxd5 9. cxd5 e4 10.
Nc3 Nd7 11. Bf4 Nf6 12. Qd2 Bd7 13. O-O-O Be8 14. f3 exf3 15. Bxf3 Bf7 16. Kb1 a6 17. Ka1 b5 18. Qc2 Qd7 19. e4 fxe4 20. Nxe4 h6 21. Ng5 Qe8 22. Ne6 Bxe6 23. dxe6 d5 24. Qxc7 Rc8 25. Qe5 Rc6 26. g4 Bd6 27. Qxd6 Rxd6 28.
Bxd6 Qxe6 29. Bxf8 Kxf8 30. g5 Ne4 31. gxh6 gxh6 32. Bxe4 Qxe4 33. Rhf1+ Kg7 34. Rg1+ Kh7 35. h5 Qe2 36. Rdf1 Qxh5 37. Rf4 Qe8 38. Rfg4 h5 39. Rg7+ Kh6 40. R7g5 Qe4 41. Rg8 Kh7 42. Rd8 h4 43. Rd7+ Kh6 44. Rd6+ Kh5 45. Rxa6 h3 46. Ra8 Kh4 47.
Rh8+ 1-0

[Event "Early-Titled-Tuesday-Blitz-November-28-2023"]
[Site "Chess.com"]
[Date "2023.11.28"]
[Round "1"]
[White "ural58"]
[Black "sumopork"]
[Result "0-1"]
[WhiteElo "2461"]
[BlackElo "2844"]
[TimeControl "180+1"]
[EndTime "8:07:51 PST"]
[Termination "sumopork won by resignation"]

1. e4 g6 2. d4 Bg7 3. Nc3 d6 4. Be3 a6 5. Qd2 b5 6. Nf3 Bb7 7. Bd3 Nd7 8. a4 b4 9. Ne2 c5 10. h4 h6 11. Nf4 cxd4 12. Nxd4 Bxd4 13. Bxd4 e5 14. Qxb4 Qc7 15. Bc3 Ngf6 16. Nd5 Bxd5 17. exd5 Nxd5 18. Qa5 Qc5 19. Bd2 Qxa5 20. Bxa5 Nf4 21. Bf1 O-O 22. g3 Ne6 23. O-O-O Ndc5 24. b3 Nd4 25. Kb2 Rfc8 26. Bc4 Rab8 27. Rxd4 exd4 28.
Ka3 Ne4 29. Rd1 d5 30. Rxd4 dxc4 31. Rxe4 cxb3 32. cxb3 Rc2 33. f4 Rg2 34. Re3 Rc8 35. Bb6 Rc6 36. a5 f5 37. Kb4 Kf7 38. Bd4 Re6 39.
Be5 Rc2 40. Rd3 Rec6 41. Rd7+ Ke6 42. Rg7 Kd5 43. h5 gxh5 44. Rf7 Ke4 45. Bf6 R2c5 46. Bh4 Rb5+ 47. Ka4 Rc3 48. b4 Rd5 49. Re7+ Kf3 50. Re1 Rdd3 51. Ra1 Kg4 52. Ra2 Rc4 53. Rb2 Rxg3 54.
Bxg3 Kxg3 55. Kb3 Rxf4 56. Rc2 h4 57. Rc6 h3 58. Rxh6 h2 59. b5 Rh4 60. Rg6+ Kf4 0-1

[Event "Early-Titled-Tuesday-Blitz-November-28-2023"]
[Site "Chess.com"]
[Date "2023.11.28"]
[Round "1"]
[White "zsizsi99"]
[Black "Korchmar_Vasiliy"]
[Result "0-1"]
[WhiteElo "2413"]
[BlackElo "2729"]
[TimeControl "180+1"]
[EndTime "8:07:52 PST"]
[Termination "Korchmar_Vasiliy won on time"]

1. e4 c5 2. Nf3 d6 3. d4 cxd4 4. Nxd4 Nf6 5. Nc3 Nc6 6. Bg5 Bd7 7. Qd2 a6 8. O-O-O e6 9. Kb1 Be7 10. f3 Nxd4 11. Qxd4 b5 12. e5 dxe5 13. Qxe5 O-O 14. Bd3 Ng4 15. Bxe7 Nxe5 16. Bxd8 Rfxd8 17. Be4 Rab8 18.
Rd6 b4 19. Nd1 Bb5 20. Rxd8+ Rxd8 21. Ne3 f5 22. f4 Ng6 23. Bf3 Nxf4 24. g3 Ng6 25.
Kc1 Kf7 26. Re1 Ne5 27. Be2 Bxe2 28. Rxe2 Kf6 29. Nd1 g5 30. c3 a5 31. Kc2 f4 32.
gxf4 gxf4 33. cxb4 axb4 34. Re4 Nd3 35. Rc4 e5 36. h4 h5 37. a4 bxa3 38. bxa3 f3 39. Rc6+ Kf5 40. Rc7 e4 41. a4 Kg4 42. a5 Kxh4 43. a6 Nb4+ 44. Kc1 Nxa6 45. Re7 Nc5 46. Nf2 Kg3 47. Nxe4+ Nxe4 48. Rxe4 f2 49. Re3+ Kg2 0-1

[Event "Early-Titled-Tuesday-Blitz-November-28-2023"]
[Site "Chess.com"]
[Date "2023.11.28"]
[Round "1"]
[White "djokovic74"]
[Black "SimplyDevina"]
[Result "1-0"]
[WhiteElo "2701"]
[BlackElo "2398"]
[TimeControl "180+1"]
[EndTime "8:07:54 PST"]
[Termination "djokovic74 won on time"]

1. e4 c5 2. Nf3 d6 3. d4 cxd4 4. Nxd4 Nf6 5. Nc3 Nc6 6. Be2 e5 7. Nf3 Be7 8. Bg5 O-O 9. O-O h6 10. Bxf6 Bxf6 11. Nd5 Bg5 12. Bc4 Be6 13. c3 a6 14. a4 Rc8 15. Ba2 b5 16. axb5 axb5 17. b4 Ne7 18. Qd3 Nxd5 19. Bxd5 Bxd5 20. Qxd5 Rxc3 21.
Qxb5 Bf4 22. Qd5 Qc7 23. Rfd1 Rb8 24. Rab1 Rc4 25. b5 Rc5 26. Qd3 Qa5 27. Qxd6 Rcxb5 28. Qxb8+ Rxb8 29. Rxb8+ Kh7 30. g3 Qa3 31. Kg2 Qa4 32. Re1 Bg5 33. Nxe5 Qa5 34. Nf3 Qc7 35. Rb2 Bf6 36.
e5 Be7 37. Rbe2 Qc6 38. h4 g5 39. hxg5 hxg5 40. Re4 Kg6 41. g4 Qd5 42. Nd4 Bc5 43.
Nf5 Bb6 44. f3 Qd2+ 45. R4e2 Qd4 46. Rh1 1-0

[Event "Early-Titled-Tuesday-Blitz-November-28-2023"]
[Site "Chess.com"]
[Date "2023.11.28"]
[Round "1"]
[White "Ron_Weasley_Chess"]
[Black "Sadykov_Ramil"]
[Result "0-1"]
[WhiteElo "2390"]
[BlackElo "2693"]
[TimeControl "180+1"]
[EndTime "8:07:54 PST"]
[Termination "Sadykov_Ramil won by resignation"]

1. Nf3 c5 2. g3 Nc6 3. Bg2 e5 4. d3 d5 5. O-O Be7 6. c4 d4 7.
b4 cxb4 8. a3 bxa3 9. Nbd2 Nf6 10. Bxa3 Bxa3 11. Rxa3 O-O 12. Qa1 Nd7 13. Rb1 Qc7 14.
Ne1 Nc5 15. Nc2 Bd7 16. Nb3 Nxb3 17. Raxb3 Rfb8 18. Qa3 a5 19. c5 Ra6 20. Rb6 Rxb6 21. cxb6 Qd8 22. Qd6 Ra8 23. Na3 Be8 24. Nc4 a4 25.
Qxd8 Rxd8 26. Bxc6 Bxc6 27. Nxe5 Bd5 28. Nc4 Bxc4 29.
dxc4 Kf8 30. Ra1 Ra8 31. Kg2 Ke7 32. Kf3 Kd6 33. Ke4 Kc5 34. Kd3 a3 35. Ra2 Ra4 36.
f3 f5 37. h4 g6 38. g4 h5 39. gxh5 gxh5 40. Ra1 a2 41. Kc2 Kxc4 42. Kb2 Kc5 43. Kb3 Ra6 44. Kb2 Rxb6+ 45. Ka3 Ra6+ 46. Kb3 Kd5 47.
Rxa2 Rxa2 48. Kxa2 d3 49. exd3 Kd4 50. Kb3 Kxd3 0-1

[Event "Early-Titled-Tuesday-Blitz-November-28-2023"]
[Site "Chess.com"]
[Date "2023.11.28"]
[Round "1"]
[White "Timerkhanov"]
[Black "ozen_metehan"]
[Result "1/2-1/2"]
[WhiteElo "2685"]
[BlackElo "2399"]
[TimeControl "180+1"]
[EndTime "8:07:54 PST"]
[Termination "Game drawn by repetition"]

1. d4 Nf6 2. Bg5 Ne4 3. h4 h6 4. Bf4 d5 5. Nd2 Bf5 6. f3 Nxd2 7. Qxd2 e6 8. g4 Bh7 9. e3 Bd6 10. Ne2 Nc6 11. Ng3 Bxf4 12. exf4 Qd6 13. c3 O-O-O 14. Nh5 Rhg8 15. Bd3 Bxd3 16. Qxd3 g6 17. Nf6 Qxf4 18. Nxg8 Rxg8 19. Kf2 e5 20. Qe3 Qf6 21. g5 hxg5 22.
hxg5 Qf5 23. Rh4 b6 24. Kg3 exd4 25. cxd4 Kb7 26. Rc1 Qd7 27. Rh2 Ne7 28. Qf4 Nf5+ 29. Kf2 Re8 30. Rhh1 c6 31. Rce1 Rd8 32. Rh7 a5 33.
Re5 Ka6 34. Rxf5 gxf5 35. g6 Qe7 36. Rxf7 Qb4 37. g7 Re8 38. Qc1 Qxd4+ 39. Kg3 Qe5+ 40.
f4 Qe6 41. Qf1+ b5 42. Rc7 Qg6+ 43. Kf2 Qg4 44. Rxc6+ Ka7 45. Qxb5 Qxf4+ 46. Kg2 Qg4+ 47. Kf2 Qf4+ 48. Kg2 Qg4+ 49. Kf2 Qf4+ 1/2-1/2

[Event "Early-Titled-Tuesday-Blitz-November-28-2023"]
[Site "Chess.com"]
[Date "2023.11.28"]
[Round "1"]
[White "belisarius64"]
[Black "Flaccidmoves"]
[Result "1-0"]
[WhiteElo "2708"]
[BlackElo "2408"]
[TimeControl "180+1"]
[EndTime "8:07:55 PST"]
[Termination "belisarius64 won on time"]

1. e4 g6 2. d4 Bg7 3. Nf3 d6 4. c3 Nf6 5. Bd3 O-O 6. O-O Nc6 7. d5 Ne5 8. Nxe5 dxe5 9. c4 e6 10. Nc3 exd5 11. cxd5 Ne8 12. Be3 f5 13. exf5 gxf5 14. f4 e4 15. Be2 Nd6 16. Rc1 Bd7 17. Qd2 Qf6 18. Kh1 Kh8 19. Rg1 Rg8 20. Nd1 Rac8 21. Bc5 e3 22. Bxe3 Ne4 23. Qe1 Qh6 24. Bf3 Bf6 25. Bxe4 fxe4 26. Nf2 Bh4 27. Bd4+ Bf6 28.
Bxf6+ Qxf6 29. Qc3 Qxc3 30. Rxc3 Rge8 31. Re1 c6 32.
dxc6 Bxc6 33. Rce3 Rcd8 34. h4 Rd2 35. R1e2 Rd4 36. Kh2 Kg7 37. g4 a5 38. Kg3 h6 39.
f5 Kf6 40. Kf4 Kg7 41. g5 Rb4 42. Ng4 hxg5+ 43. hxg5 Ra4 44. f6+ Kg6 45. Ne5+ Rxe5 46. Kxe5 Rb4 47. Rf2 Rb5+ 48. Kd6 Rd5+ 49. Kc7 Rd7+ 50.
Kc8 Rf7 51. Rg2 Bd5 52. Kb8 Bc6 53. Rh3 Kf5 54. g6 Rxf6 55. g7 1-0

[Event "Early-Titled-Tuesday-Blitz-November-28-2023"]
[Site "Chess.com"]
[Date "2023.11.28"]
[Round "1"]
[White "N18player"]
[Black "Byniolus"]
[Result "1/2-1/2"]
[WhiteElo "2468"]
[BlackElo "2817"]
[TimeControl "180+1"]
[EndTime "8:07:56 PST"]
[Termination "Game drawn by repetition"]

1. c4 c6 2. Nf3 d5 3. b3 Nf6 4.
Bb2 Bf5 5. e3 e6 6. Nc3 Nbd7 7.
Rc1 h6 8. h3 Bh7 9. Be2 Bd6 10.
d3 O-O 11. g4 Qe7 12. Rg1 Ba3 13. Bxa3 Qxa3 14. g5 hxg5 15. Nxg5 Rad8 16. Nxh7 Nxh7 17. d4 Qe7 18. Bd3 Qh4 19. Qf3 g6 20. cxd5 exd5 21. Ne2 Rfe8 22. Rg4 Qh6 23. Nf4 Ndf8 24. Qg3 Nf6 25.
Rh4 Qg7 26. Ke2 Ne6 27. Nxg6 fxg6 28. Bxg6 Nf8 29. Bxe8 Qxg3 30. fxg3 Rxe8 31. Rf4 Ne4 32. g4 Ng6 33. Rf5 Ng3+ 34. Kf3 Nxf5 35. gxf5 Nh4+ 36. Kf4 Ng2+ 37. Kg5 Rxe3 38. Rg1 Ne1 39. Kf6+ Kf8 40. Rg7 Nf3 41. Rxb7 Nxd4 42. Rb8+ Re8 43. Rb7 a5 44. h4 Nb5 45. h5 Nd6 46. Ra7 Ne4+ 47. Kg6 Kg8 48.
h6 Rf8 49. Rg7+ Kh8 50. Rh7+ Kg8 51. Rg7+ Kh8 52. Rh7+ Kg8 53. Rg7+ 1/2-1/2

[Event "Early-Titled-Tuesday-Blitz-November-28-2023"]
[Site "Chess.com"]
[Date "2023.11.28"]
[Round "1"]
[White "vedantgoswami"]
[Black "karinachess1"]
[Result "1/2-1/2"]
[WhiteElo "2313"]
[BlackElo "2610"]
[TimeControl "180+1"]
[EndTime "8:07:56 PST"]
[Termination "Game drawn by repetition"]

1. Nc3 d5 2. e4 dxe4 3. Nxe4 e5 4. Bc4 Nc6 5. d3 Be7 6. Nf3 Nf6 7. O-O O-O 8. h3 h6 9. c3 Bf5 10. Qe2 Re8 11.
Bd2 Qd7 12. Rad1 Rad8 13. Bc1 Bg6 14. Rfe1 a6 15. Bb3 Nd5 16. Ng3 Bf8 17. Ne4 Kh8 18. Ng3 f5 19. Nh4 Bh7 20. Qh5 Nf6 21. Qf3 f4 22.
Ne4 Nxe4 23. dxe4 Qe7 24. Qh5 Qf6 25. Bf7 Rxd1 26. Rxd1 Rd8 27. Rxd8 Nxd8 28. Ng6+ Bxg6 29. Bxg6 Bc5 30. Qf5 Qxf5 31. Bxf5 Kg8 32. b4 Bd6 33. Kf1 Kf7 34. Ke2 Ne6 35. Bxe6+ Kxe6 36. Kd3 b5 37. Bd2 c5 38. bxc5 Bxc5 39. f3 Kd7 40. c4 Kc6 41. cxb5+ Kxb5 42. Bc3 Bd6 43. Ba1 g6 44.
Bb2 Kb4 45. Bc1 h5 46. Bb2 Kb5 47. Bc1 Bc7 48. Bb2 Kb4 49. Bc1 Kb5 50. Bb2 Bd6 51. Bc1 Bc7 1/2-1/2

[Event "Early-Titled-Tuesday-Blitz-November-28-2023"]
[Site "Chess.com"]
[Date "2023.11.28"]
[Round "1"]
[White "betta2004"]
[Black "campochess"]
[Result "1-0"]
[WhiteElo "2584"]
[BlackElo "2229"]
[TimeControl "180+1"]
[EndTime "8:07:56 PST"]
[Termination "betta2004 won on time"]

1. d4 Nf6 2. Nc3 d5 3. Bf4 Nbd7 4. Nb5 e5 5. dxe5 Nh5 6. e3 Nxf4 7. exf4 a6 8. Nd4 c5 9. Ndf3 Nb6 10. a4 Bf5 11. a5 Nc8 12. Bd3 Ne7 13. Ne2 Bxd3 14. Qxd3 Qd7 15. Nc3 Rd8 16. O-O Qg4 17. g3 h6 18.
Kg2 c4 19. Qd2 Qc8 20. Nd4 Qc5 21. Na4 Qc7 22. Nb6 Nc6 23. e6 Bc5 24. exf7+ Kxf7 25.
Nf3 Bxb6 26. axb6 Qxb6 27. f5 d4 28. Rfe1 Rhe8 29. Qf4 Kg8 30. f6 Rf8 31. Re6 Qxb2 32.
Rae1 d3 33. cxd3 cxd3 34. Qc4 Kh8 35. fxg7+ Qxg7 36. Nh4 Rf6 37. Re8+ Rf8 38. Rxf8+ Rxf8 39. Qxd3 Kg8 40. Re6 Rf6 41. Re8+ Rf8 42. Nf5 Qf6 43. Qd5+ Kh7 44. Rxf8 Qxf8 45. Qe4 Kh8 46. Ne3 Qf6 47. Qd5 Qe7 48. Qf5 Qe5 49. Qf7 1-0